 Dungeon Sprint DCSS version 0.21-a0-41-g5e91fef (webtiles) character file.

9548 Kidiri the Eclecticist (level 11, -33/68 HPs)
             Began as a Deep Elf Fire Elementalist on June 3, 2017.
             Was the Champion of Vehumet.
             Annihilated by Rupert
             ... wielding a +0 great sword of pain
              (36 damage)
             ... in the Dungeon (Sprint III: "The Ten Rune Challenge").
             The game lasted 00:15:36 (3530 turns).

Kidiri the Eclecticist (Deep Elf Fire Elementalist) Turns: 3530, Time: 00:15:36

Health: -33/68     AC:  5    Str:  5    XL:     11   Next: 24%
Magic:  13/33      EV: 20    Int: 24    God:    Vehumet [******]
Gold:   16         SH:  0    Dex: 15    Spells: 6/43 levels left

rFire    . . .     SeeInvis .   e - +1 dagger (venom)
rCold    . . .     Gourm    .   (no shield)
rNeg     . . .     Faith    .   a - +1 robe
rPois    .         Spirit   .   (helmet restricted)
rElec    .         Reflect  .   (no cloak)
rCorr    .         Harm     .   (no gloves)
MR       +....     NoTele   +   (no boots)
Stlth    ++........             (no amulet)
Regen    0.3/turn               (no ring)
MPRegen  0.3/turn               (no ring)

@: hasted, very quick
A: horns 1, thin metallic scales 1
a: Renounce Religion


You were in the Dungeon.
You worshipped Vehumet.
Vehumet was exalted by your worship.
You were full.

You visited 1 branch You collected 16 gold pieces.

Inventory:

Hand Weapons
 e - a +1 dagger of venom (weapon)
Armour
 a - a +1 robe (worn)
Wands
 j - a wand of flame (7/48)
Scrolls
 l - a scroll of holy word
 p - a scroll of torment {unknown}
 q - a scroll of remove curse {unknown}
Potions
 b - a potion of heal wounds
 d - 3 potions of curing
 g - a potion of magic
 h - a potion of berserk rage
 k - a potion of lignification
 m - a potion of brilliance {unknown}
 s - 2 potions of flight
Comestibles
 c - 22 royal jellies
 i - 7 chunks of flesh
 o - a meat ration


   Skills:
 + Level 8.1 Fighting
 + Level 8.8 Short Blades
 + Level 8.0 Armour
 + Level 11.7 Dodging
 - Level 2.4 Stealth
 * Level 16.7 Spellcasting
 + Level 10.5 Conjurations
 + Level 11.0 Fire Magic
 + Level 5.0 Air Magic
 + Level 4.1 Earth Magic
 + Level 6.5 Poison Magic


You had 6 spell levels left.
You knew the following spells:

 Your Spells              Type           Power        Failure   Level  Hunger
a - Flame Tongue          Conj/Fire      #####        1%          1    None
b - Throw Flame           Conj/Fire      ######       1%          2    None
c - Conjure Flame         Conj/Fire      ######..     1%          3    None
d - Inner Flame           Hex/Fire       #####...     1%          3    None
e - Ignite Poison         Fire/Tmut/Pois #####...     1%          3    None
f - Sticky Flame          Conj/Fire      ######..     1%          4    None
g - Fireball              Conj/Fire      ######....   1%          5    None
h - Airstrike             Air            #####.....   1%          4    None
i - Iron Shot             Conj/Erth      ######....   5%          6    ####...
j - Poison Arrow          Conj/Pois      ######....   3%          6    ####...


Dungeon Overview and Level Annotations

Branches:
Dungeon (1/1)

Altars:
Cheibriados
Dithmenos
Elyvilon
Fedhas
Gozag
Hepliaklqana
Kikubaaqudgha
Makhleb
Nemelex Xobeh
Okawaru
Qazlal
Ru
Sif Muna
Trog
Uskayaw
Vehumet
Wu Jian
Xom
Yredelemnul
Zin
The Shining One
Beogh
Jiyva
Lugonu

Annotations:
D exclusion: 2 doors, Rupert


Innate Abilities, Weirdness & Mutations

You have a pair of small horns on your head.
You are partially covered in thin metallic scales. (AC +2)


Message History

You writhe in agony.
Rupert burns!
Rupert hits you with a great sword of pain!
You writhe in agony.
Rupert burns!
Rupert hits you with a great sword of pain.
Rupert burns! x2
Rupert hits you with a great sword of pain!!
* * * LOW HITPOINT WARNING * * *
You writhe in agony.
* * * LOW HITPOINT WARNING * * *
Rupert burns!
Rupert roars madly and goes into a rage!
Rupert goes berserk!
You can move again.
Unknown command.
You feel yourself speed up.
Rupert burns!
Rupert hits you with a great sword of pain!!!
Ouch! That really hurt!
You die...

#..###..##.#.....#..:#__#
#..# #..#####....#___#__+
▓▓▓▓▓▓▓▓▓▓▓▓▓▓▓▓▓▓▓▓▓▓▓▓▓
+≈≈§≈≈§≈≈≈♣♣.....♣♣♣♣
#≈≈§§§§≈≈≈♣♣.≈≈≈≈+♣♣'
#≈.≈§§§§≈.≈'.....#.≈♣
#≈≈≈§§§§≈≈♣♣♣♣♣♣♣#..♣
#≈≈§§§§≈≈.♣ ###+
####@###### ♣♣♣♣.
........@...... ♣...#
#+############# ♣♣.##
♣..# ♣♣.# ♣♣.# ♣... ####


You could see Rupert (berserk).

Vanquished Creatures
  Snorg (D)
  A centaur warrior (D)
  Urug (D)
  An unseen horror (D)
  A lindwurm (D)
  A deep elf mage (D)
  2 spiny frogs (D)
  A rime drake (D)
  A komodo dragon (D)
  A queen bee (D)
  2 tyrant leeches (D)
  3 wandering mushrooms (D)
  5 blink frogs (D)
  A shadow (D)
  3 redbacks (D)
  A spatial vortex (D)
  A swamp drake (D)
  A necrophage (D)
  2 centaurs (D)
  A water elemental (D)
  32 killer bees (D)
  A wizard (D)
  A jelly (D)
  A necromancer (D)
  3 humans (D)
  A kobold demonologist (D)
  A wolf (D)
  An ooze (D)
  3 rats (D)
75 creatures vanquished.

Vanquished Creatures (others)
  2 draconian scorchers (D)
  Nessos (D)
  6 hellions (D)
  2 yaktaurs (D)
11 creatures vanquished.

Grand Total: 86 creatures vanquished

Notes
Turn   | Place    | Note
-------+----------+-------------------------------------------
     0 | D        | Kidiri the Deep Elf Fire Elementalist began the quest for the Orb.
     0 | D        | Reached XP level 1. HP: 10/10 MP: 6/6
    87 | D        | Reached skill level 1 in Fighting
   104 | D        | Noticed a wolf
   108 | D        | Killed a wolf
   108 | D        | Reached skill level 1 in Armour
   108 | D        | Reached skill level 4 in Spellcasting
   108 | D        | Reached XP level 2. HP: 11/16 MP: 3/9
   118 | D        | Reached skill level 5 in Spellcasting
   118 | D        | Reached XP level 3. HP: 15/21 MP: 4/11
   122 | D        | Learned a level 2 spell: Throw Flame
   126 | D        | Learned a level 3 spell: Conjure Flame
   126 | D        | Killed a hellion
   126 | D        | Killed a hellion
   130 | D        | Learned a level 3 spell: Inner Flame
   145 | D        | Killed a hellion
   150 | D        | Gained mutation: You are surrounded by a mild repulsion field. (EV +2) [potion of mutation]
   150 | D        | Gained mutation: You are clumsy. (Dex -2) [potion of mutation]
   150 | D        | Gained mutation: You have large cloven feet. [potion of mutation]
   151 | D        | Lost mutation: You are surrounded by a mild repulsion field. (EV +2) [potion of mutation]
   151 | D        | Lost mutation: You are clumsy. (Dex -2) [potion of mutation]
   151 | D        | Lost mutation: You have large cloven feet. [potion of mutation]
   151 | D        | Gained mutation: Armour fits poorly on your strangely shaped body. [potion of mutation]
   151 | D        | Gained mutation: You have a pair of small antennae on your head. [potion of mutation]
   152 | D        | Lost mutation: Armour fits poorly on your strangely shaped body. [potion of mutation]
   152 | D        | Lost mutation: You have a pair of small antennae on your head. [potion of mutation]
   152 | D        | Gained mutation: You are partially covered in thin metallic scales. (AC +2) [potion of mutation]
   152 | D        | Gained mutation: You have a pair of small horns on your head. [potion of mutation]
   160 | D        | Killed a hellion
   203 | D        | Noticed a water elemental
   203 | D        | Killed a white draconian scorcher
   207 | D        | Killed a water elemental
   207 | D        | Reached skill level 6 in Spellcasting
   207 | D        | Reached XP level 4. HP: 27/27 MP: 6/14
   207 | D        | Killed a hellion
   214 | D        | Learned a level 4 spell: Sticky Flame
   228 | D        | Killed a white draconian scorcher
   261 | D        | Found a radiant altar of Vehumet.
   261 | D        | Killed a hellion
   262 | D        | Found a deep blue altar of Sif Muna.
   262 | D        | Found an ancient bone altar of Kikubaaqudgha.
   262 | D        | Noticed a wizard
   266 | D        | Killed a wizard
   266 | D        | Reached skill level 5 in Dodging
   266 | D        | Reached skill level 7 in Spellcasting
   266 | D        | Reached skill level 5 in Fire Magic
   267 | D        | Reached XP level 5. HP: 25/32 MP: 1/17
   285 | D        | Learned a level 5 spell: Fireball
   288 | D        | Became a worshipper of Vehumet
   320 | D        | Killed a yaktaur
   441 | D        | Found a glowing silver altar of Zin.
   442 | D        | Found a glowing golden altar of the Shining One.
   442 | D        | Found a white marble altar of Elyvilon.
   442 | D        | Noticed a deep elf mage
   456 | D        | Killed a deep elf mage
   456 | D        | Reached skill level 10 in Spellcasting
   456 | D        | Reached XP level 6. HP: 13/39 MP: 14/21
   456 | D        | Reached XP level 7. HP: 15/44 MP: 15/23
   663 | D        | Found an ornate altar of the Wu Jian Council.
   663 | D        | Found a roughly hewn altar of Beogh.
   663 | D        | Found an iron altar of Okawaru.
   663 | D        | Found a bloodstained altar of Trog.
   663 | D        | Found a hide-covered altar of Uskayaw.
   663 | D        | Noticed a human
   665 | D        | Noticed a human
   670 | D        | Killed a human
   670 | D        | Reached skill level 11 in Spellcasting
   672 | D        | Killed a human
   672 | D        | Reached * piety under Vehumet
   672 | D        | Offered knowledge of Sting by Vehumet.
   672 | D        | Reached skill level 5 in Fighting
   766 | D        | Found a basalt altar of Yredelemnul.
   766 | D        | Found a shadowy altar of Dithmenos.
   766 | D        | Found a sacrificial altar of Ru.
   772 | D        | Reached skill level 5 in Armour
   788 | D        | Killed Nessos
   816 | D        | Reached ** piety under Vehumet
   816 | D        | Offered knowledge of Freeze by Vehumet.
   817 | D        | Noticed a shadow
   831 | D        | Killed a shadow
   831 | D        | Reached skill level 5 in Short Blades
   831 | D        | Reached skill level 12 in Spellcasting
   831 | D        | Reached XP level 8. HP: 25/49 MP: 14/26
   981 | D        | Found a blossoming altar of Fedhas.
   981 | D        | Found a stormy altar of Qazlal.
   981 | D        | Found a snail-covered altar of Cheibriados.
   981 | D        | Found a burning altar of Makhleb.
   981 | D        | Found a shimmering altar of Xom.
   982 | D        | Found a hazy altar of Hepliaklqana.
   982 | D        | Found an opulent altar of Gozag.
   982 | D        | Found a sparkling altar of Nemelex Xobeh.
   982 | D        | Found a corrupted altar of Lugonu.
   982 | D        | Found a viscous altar of Jiyva.
  1068 | D        | Noticed Snorg
  1077 | D        | Killed Snorg
  1077 | D        | Offered knowledge of Ignite Poison by Vehumet.
  1077 | D        | Reached skill level 13 in Spellcasting
  1077 | D        | Reached XP level 9. HP: 23/55 MP: 4/28
  1082 | D        | Learned a level 3 spell: Ignite Poison
  1352 | D        | Noticed a centaur warrior
  1353 | D        | Reached *** piety under Vehumet
  1356 | D        | Killed a centaur warrior
  1356 | D        | Offered knowledge of Airstrike by Vehumet.
  1356 | D        | Reached skill level 14 in Spellcasting
  1362 | D        | Learned a level 4 spell: Airstrike
  1812 | D        | Noticed an unseen horror
  1885 | D        | Killed an unseen horror
  1885 | D        | Reached skill level 10 in Dodging
  1885 | D        | Reached skill level 1 in Air Magic
  1984 | D        | Noticed a queen bee
  1992 | D        | Killed a queen bee
  1992 | D        | Reached **** piety under Vehumet
  1992 | D        | Offered knowledge of Bolt of Draining by Vehumet.
  2002 | D        | Reached ***** piety under Vehumet
  2010 | D        | Reached XP level 10. HP: 15/61 MP: 8/30
  2012 | D        | Reached skill level 15 in Spellcasting
  2278 | D        | Offered knowledge of Iron Shot by Vehumet.
  2279 | D        | Reached skill level 10 in Fire Magic
  2283 | D        | Reached ****** piety under Vehumet
  2371 | D        | Learned a level 6 spell: Iron Shot
  2375 | D        | Offered knowledge of Poison Arrow by Vehumet.
  2519 | D        | Reached skill level 5 in Poison Magic
  2522 | D        | Reached skill level 1 in Earth Magic
  2654 | D        | Learned a level 6 spell: Poison Arrow
  2657 | D        | Noticed a spiny frog
  2657 | D        | Noticed a spiny frog
  2660 | D        | Killed a spiny frog
  2663 | D        | Killed a spiny frog
  2665 | D        | Offered knowledge of Lightning Bolt by Vehumet.
  2868 | D        | Reached skill level 10 in Conjurations
  3045 | D        | Reached skill level 16 in Spellcasting
  3206 | D        | Noticed a lindwurm
  3220 | D        | Killed a lindwurm
  3232 | D        | Reached XP level 11. HP: 68/68 MP: 33/33
  3284 | D        | Noticed Urug
  3286 | D        | Killed Urug
  3339 | D        | Offered knowledge of Conjure Ball Lightning by Vehumet.
  3468 | D        | Reached skill level 5 in Air Magic
  3519 | D        | Noticed Rupert
  3523 | D        | Paralysed by Rupert for 7 turns
  3528 | D        | HP: 3/68 [Rupert/great sword of pain (8)]
  3530 | D        | Annihilated by Rupert

Vault maps used:
D:        dungeon_sprint_mu

Skill      XL: |  1  2  3  4  5  6  7  8  9 10 11 |
---------------+----------------------------------+-----
Fighting       | 1 2 4 5 6 7 8 |  8.1
Armour         | 1 2 4 5 6 7 8 |  8.0
Dodging        | 3 4 5 7 8 9 10 11 | 11.7
Spellcasting   | 4 5 6 7 10 12 13 14 16 | 16.7
Conjurations   | 2 3 4 6 7 8 9 10 | 10.5
Fire Magic     | 4 5 7 8 9 10 11 | 11.0
Short Blades   | 3 5 6 7 8 |  8.8
Poison Magic   | 3 5 6 |  6.5
Air Magic      | 2 4 5 |  5.0
Earth Magic    | 3 4 |  4.1
Stealth        | |  2.4

Action                   |  1- 3 |  4- 6 |  7- 9 | 10-12 || total
-------------------------+-------+-------+-------+-------++-------
Melee: Dagger            |       |       |     2 |     7 ||     9
       Headbutt          |       |       |       |     1 ||     1
 Cast: Flame Tongue      |    21 |     1 |    61 |    11 ||    94
       Conjure Flame     |     1 |       |     5 |     5 ||    11
       Sticky Flame      |       |     3 |    13 |     5 ||    21
       Throw Flame       |       |       |     2 |     3 ||     5
       Fireball          |       |       |     5 |     1 ||     6
       Airstrike         |       |       |     7 |     8 ||    15
       Inner Flame       |       |       |     3 |     5 ||     8
       Poison Arrow      |       |       |       |    12 ||    12
       Iron Shot         |       |       |       |     9 ||     9
       Ignite Poison     |       |       |       |     3 ||     3
  Use: Potion            |     5 |     1 |       |     1 ||     7
       Scroll            |     4 |       |     1 |       ||     5
 Stab: Sleeping          |       |       |       |     1 ||     1
  Eat: Royal jelly       |       |       |     2 |     5 ||     7
       Bread ration      |       |       |       |     1 ||     1
Armor: Robe              |       |       |     5 |     1 ||     6
Dodge: Dodged            |    13 |     1 |    31 |     8 ||    53
